TOP OF THE 1ST |
Wisconsin Rapids Rangers batting - Pitching for Cincinnati Pride : RHP Jesús Alvarado
|
Pitching: RHP Jesús Alvarado
|
|
Batting: RHB Troy Reed
|
0-0: Called Strike 0-1: Ground out 6-3 (Groundball, 6D)
|
Batting: RHB John Denton
|
0-0: Called Strike 0-1: Ball 1-1: SINGLE (Line Drive, 56)
|
Batting: RHB Paul Richard
|
0-0: Ball 1-0: Fielders Choice at 2nd, 1-6 (Groundball, 13)
|
Batting: SHB José López
|
0-0: Ball 1-0: Called Strike 1-1: Fly out, F3 (Line Drive, 3L)
|
Top of the 1st over - 0 run(s), 1 hit(s), 0 error(s), 1 left on base; Wisconsin Rapids 0 - Cincinnati 0 |
BOTTOM OF THE 1ST |
Cincinnati Pride batting - Pitching for Wisconsin Rapids Rangers : LHP Manuel Perea
|
Pitching: LHP Manuel Perea
|
|
Batting: RHB Larry Booth
|
0-0: SINGLE (Groundball, 34)
|
Batting: RHB Gabriel Villegas
|
0-0: Ball 1-0: Called Strike 1-1: Foul Ball, location: 2F 1-2: Foul Ball, location: 2F 1-2: Foul Ball, location: 2F 1-2: Ball 2-2: Fly out, F9 (Flyball, 9LM)
|
Batting: RHB Roberto Chávez
|
0-0: Reached on error, E6 (Groundball, 6M) Larry Booth to second
|
Batting: RHB Randy Simons
|
0-0: Ball 1-0: Ball 2-0: Ball 3-0: Called Strike 3-1: Called Strike 3-2: Foul Ball, location: 2F 3-2: Foul Ball, location: 2F 3-2: Strikes out looking
|
Batting: RHB Wilson Flores
|
0-0: Called Strike 0-1: Ball 1-1: Foul Ball, location: 2F 1-2: Foul Ball, location: 2F 1-2: Strikes out swinging
|
Bottom of the 1st over - 0 run(s), 1 hit(s), 1 error(s), 2 left on base; Wisconsin Rapids 0 - Cincinnati 0 |
TOP OF THE 2ND |
Wisconsin Rapids Rangers batting - Pitching for Cincinnati Pride : RHP Jesús Alvarado
|
Batting: RHB Danny Campbell
|
0-0: Called Strike 0-1: Ball 1-1: Foul Ball, location: 2F 1-2: Fly out, F9 (Flyball, 9LD)
|
Batting: RHB Vernon Romo
|
0-0: Ball 1-0: Called Strike 1-1: Ball 2-1: Ground out 1-3 (Groundball, 23)
|
Batting: LHB Alex Henderson
|
0-0: Called Strike 0-1: Foul Ball, location: 2F 0-2: Strikes out swinging
|
Top of the 2nd over - 0 run(s), 0 hit(s), 0 error(s), 0 left on base; Wisconsin Rapids 0 - Cincinnati 0 |
BOTTOM OF THE 2ND |
Cincinnati Pride batting - Pitching for Wisconsin Rapids Rangers : LHP Manuel Perea
|
Batting: LHB Wes Stone
|
0-0: Called Strike 0-1: Ground out 3-1 (Groundball, 34)
|
Batting: RHB Álex Hernández
|
0-0: Called Strike 0-1: Ball 1-1: Ball 2-1: Ball 3-1: Ground out 6-3 (Groundball, 6S)
|
Batting: LHB Marvin Morris
|
0-0: Called Strike 0-1: Ball 1-1: Ball 2-1: Swinging Strike 2-2: Ground out 4-3 (Groundball, 4)
|
Bottom of the 2nd over - 0 run(s), 0 hit(s), 0 error(s), 0 left on base; Wisconsin Rapids 0 - Cincinnati 0 |
TOP OF THE 3RD |
Wisconsin Rapids Rangers batting - Pitching for Cincinnati Pride : RHP Jesús Alvarado
|
Batting: RHB James Jenkins
|
0-0: Called Strike 0-1: Swinging Strike 0-2: Ball 1-2: Ball 2-2: Ball 3-2: Strikes out swinging
|
Batting: RHB Robert Acosta
|
0-0: Ball 1-0: Foul Ball, location: 2F 1-1: Ball 2-1: Ball 3-1: SINGLE (Line Drive, 6MD)
|
Batting: RHB Troy Reed
|
0-0: SINGLE (Line Drive, 9LS) Robert Acosta to second Runner from 2nd tries for 3rd, SAFE, throw made to third
|
Batting: RHB John Denton
|
0-0: Foul Ball, location: 2F 0-1: Ball Wild Pitch! Robert Acosta scores Troy Reed to second 1-1: Ball 2-1: SINGLE (Line Drive, 34) Troy Reed to third
|
Batting: RHB Paul Richard
|
0-0: Fielders Choice at 2nd, U4 (Groundball, 4M) Troy Reed scores
|
Batting: SHB José López
|
0-0: Ball 1-0: Ball 2-0: Ball 3-0: Base on Balls Paul Richard to second
|
Batting: RHB Danny Campbell
|
0-0: Fly out, F9 (Flyball, 9S)
|
Top of the 3rd over - 2 run(s), 3 hit(s), 0 error(s), 2 left on base; Wisconsin Rapids 2 - Cincinnati 0 |
BOTTOM OF THE 3RD |
Cincinnati Pride batting - Pitching for Wisconsin Rapids Rangers : LHP Manuel Perea
|
Batting: RHB Michael Skinner
|
0-0: Ball 1-0: Ball 2-0: Ball 3-0: Called Strike 3-1: Base on Balls
|
Batting: RHB Larry Booth
|
0-0: Ball 1-0: Foul Ball, location: 2F 1-1: Ball 2-1: Ball 3-1: Called Strike 3-2: Strikes out looking
|
Batting: RHB Gabriel Villegas
|
0-0: Ball 1-0: Called Strike 1-1: Ball 2-1: Foul Ball, location: 2F 2-2: Strikes out swinging
|
Batting: RHB Roberto Chávez
|
0-0: Ball 1-0: Ball Wild Pitch! Michael Skinner to second 2-0: Called Strike 2-1: Foul Ball, location: 2F 2-2: Ball 3-2: SINGLE (Line Drive, 9LS) Michael Skinner to third Michael Skinner scores
|
Batting: RHB Randy Simons
|
0-0: Ball 1-0: Called Strike Roberto Chávez is caught stealing 2nd base
|
Bottom of the 3rd over - 1 run(s), 1 hit(s), 0 error(s), 0 left on base; Wisconsin Rapids 2 - Cincinnati 1 |
TOP OF THE 4TH |
Wisconsin Rapids Rangers batting - Pitching for Cincinnati Pride : RHP Jesús Alvarado
|
Batting: RHB Vernon Romo
|
0-0: Called Strike 0-1: Foul Ball, location: 2F 0-2: Foul Ball, location: 2F 0-2: Ball 1-2: Ground out 4-3 (Groundball, 4M)
|
Batting: LHB Alex Henderson
|
0-0: Foul Ball, location: 2F 0-1: Bunt missed! 0-2: Ground out 4-3 (Groundball, 4)
|
Batting: RHB James Jenkins
|
0-0: Ball 1-0: Called Strike 1-1: Foul Ball, location: 2F 1-2: Foul Ball, location: 2F 1-2: Ball 2-2: Foul Ball, location: 2F 2-2: Ball 3-2: Foul Ball, location: 2F 3-2: Base on Balls
|
Batting: RHB Robert Acosta
|
0-0: Ground out 4-3 (Groundball, 4)
|
Top of the 4th over - 0 run(s), 0 hit(s), 0 error(s), 1 left on base; Wisconsin Rapids 2 - Cincinnati 1 |
BOTTOM OF THE 4TH |
Cincinnati Pride batting - Pitching for Wisconsin Rapids Rangers : LHP Manuel Perea
|
Batting: RHB Randy Simons
|
0-0: Ball 1-0: Fly out, F9 (Flyball, 89D)
|
Batting: RHB Wilson Flores
|
0-0: Called Strike 0-1: Ball 1-1: Ball 2-1: Called Strike 2-2: Strikes out swinging
|
Batting: LHB Wes Stone
|
0-0: Ball 1-0: Called Strike 1-1: Called Strike 1-2: Ball 2-2: Strikes out swinging
|
Bottom of the 4th over - 0 run(s), 0 hit(s), 0 error(s), 0 left on base; Wisconsin Rapids 2 - Cincinnati 1 |
TOP OF THE 5TH |
Wisconsin Rapids Rangers batting - Pitching for Cincinnati Pride : RHP Jesús Alvarado
|
Batting: RHB Troy Reed
|
0-0: Ground out 5-3 (Groundball, 56S)
|
Batting: RHB John Denton
|
0-0: Called Strike 0-1: SINGLE (Flyball, 9LS)
|
Batting: RHB Paul Richard
|
0-0: Ball 1-0: Ball 2-0: Grounds into double play, 6-4-3 (Groundball, 6)
|
Top of the 5th over - 0 run(s), 1 hit(s), 0 error(s), 0 left on base; Wisconsin Rapids 2 - Cincinnati 1 |
BOTTOM OF THE 5TH |
Cincinnati Pride batting - Pitching for Wisconsin Rapids Rangers : LHP Manuel Perea
|
Batting: RHB Álex Hernández
|
0-0: Foul Ball, location: 2F 0-1: Called Strike 0-2: Ball 1-2: Ball 2-2: SINGLE (Line Drive, 56)
|
Batting: LHB Marvin Morris
|
0-0: Called Strike 0-1: Ball 1-1: Foul Ball, location: 2F 1-2: SINGLE (Groundball, 34) Álex Hernández to second Runner from 2nd tries for 3rd, SAFE, throw made to third Marvin Morris to second
|
Batting: RHB Michael Skinner
|
0-0: Called Strike 0-1: Foul Ball, location: 2F 0-2: Foul Ball, location: 2F 0-2: Foul Ball, location: 2F 0-2: SINGLE (Flyball, 7M) Álex Hernández scores Marvin Morris to third
|
Pitching: RHP Willie Alexander
|
|
Batting: RHB Larry Booth
|
0-0: Ball 1-0: DOUBLE (Flyball, 8LM) Marvin Morris scores Michael Skinner to third
|
Batting: RHB Gabriel Villegas
|
0-0: Foul Ball, location: 2F 0-1: Fly out, F7 (Flyball, 7M) Runner from 3rd tags up, SCORES, no throw
|
Batting: RHB Roberto Chávez
|
0-0: Ball 1-0: Ball 2-0: Called Strike 2-1: Swinging Strike 2-2: 2-RUN HOME RUN (Flyball, 7LD), Distance : 347 ft
|
Batting: RHB Randy Simons
|
0-0: Foul Ball, location: 2F 0-1: Foul Ball, location: 2F 0-2: Foul Ball, location: 2F 0-2: Ball 1-2: Ball 2-2: Foul Ball, location: 2F 2-2: Foul Ball, location: 2F 2-2: Ball 3-2: Ground out 1-3 (Groundball, 15)
|
Batting: RHB Wilson Flores
|
0-0: Foul Ball, location: 2F 0-1: Ball 1-1: Ball 2-1: Foul Ball, location: 2F 2-2: Foul Ball, location: 2F 2-2: Strikes out looking
|
Bottom of the 5th over - 5 run(s), 5 hit(s), 0 error(s), 0 left on base; Wisconsin Rapids 2 - Cincinnati 6 |
TOP OF THE 6TH |
Wisconsin Rapids Rangers batting - Pitching for Cincinnati Pride : RHP Jesús Alvarado
|
Batting: SHB José López
|
0-0: Ball 1-0: Foul Ball, location: 2F 1-1: Ball 2-1: TRIPLE (Flyball, 89XD)
|
Batting: RHB Danny Campbell
|
0-0: Foul Ball, location: 2F 0-1: Ball 1-1: Ball 2-1: SINGLE (Groundball, 4D) (infield hit) José López scores
|
Batting: RHB Vernon Romo
|
0-0: Ball 1-0: Foul Ball, location: 2F 1-1: Swinging Strike 1-2: Ball 2-2: Foul Ball, location: 2F 2-2: Strikes out swinging
|
Batting: LHB Alex Henderson
|
0-0: Fly out, F3 (Popup, 34)
|
Batting: RHB James Jenkins
|
0-0: Ball 1-0: Called Strike 1-1: Ball 2-1: Ball 3-1: Base on Balls Danny Campbell to second
|
Pitching: RHP Fernando Silva
|
|
Batting: RHB Robert Acosta
|
0-0: Ball 1-0: Foul Ball, location: 2F 1-1: Called Strike 1-2: SINGLE (Line Drive, 6MD) Danny Campbell to third James Jenkins to second Runner from 3rd tries for Home, SAFE, no throw or cutoff
|
Batting: RHB Troy Reed
|
0-0: Called Strike 0-1: Ground out 4-3 (Groundball, 34)
|
Top of the 6th over - 2 run(s), 3 hit(s), 0 error(s), 2 left on base; Wisconsin Rapids 4 - Cincinnati 6 |
BOTTOM OF THE 6TH |
Cincinnati Pride batting - Pitching for Wisconsin Rapids Rangers : RHP Willie Alexander
|
Batting: LHB Wes Stone
|
0-0: Ball 1-0: Ground out 4-3 (Groundball, 4M)
|
Batting: RHB Álex Hernández
|
0-0: Called Strike 0-1: Foul Ball, location: 2F 0-2: Ball 1-2: Foul Ball, location: 2F 1-2: Ball 2-2: Strikes out swinging
|
Batting: LHB Marvin Morris
|
0-0: Ground out U3 (Groundball, 3S)
|
Bottom of the 6th over - 0 run(s), 0 hit(s), 0 error(s), 0 left on base; Wisconsin Rapids 4 - Cincinnati 6 |
TOP OF THE 7TH |
Wisconsin Rapids Rangers batting - Pitching for Cincinnati Pride : RHP Fernando Silva
|
Batting: RHB John Denton
|
0-0: Called Strike 0-1: Ball 1-1: Ball 2-1: Ball 3-1: Base on Balls
|
Batting: RHB Paul Richard
|
0-0: Fielders Choice at 2nd, 6-4 (Groundball, 6M)
|
Batting: SHB José López
|
0-0: Called Strike 0-1: Ball 1-1: Called Strike 1-2: SINGLE (Groundball, 6M) Paul Richard to second
|
Pinch Hitting: SHB Ricardo Arévalo
|
0-0: Swinging Strike 0-1: Foul Ball, location: 2F 0-2: Ball 1-2: Strikes out looking
|
Batting: RHB Vernon Romo
|
0-0: Called Strike 0-1: Foul Ball, location: 2F 0-2: Ball 1-2: Strikes out swinging
|
Top of the 7th over - 0 run(s), 1 hit(s), 0 error(s), 2 left on base; Wisconsin Rapids 4 - Cincinnati 6 |
BOTTOM OF THE 7TH |
Cincinnati Pride batting - Pitching for Wisconsin Rapids Rangers : RHP Willie Alexander
|
Pitching: LHP Steve Alexander
|
|
Now at 1B: Ramón Córdova
|
|
Batting: RHB Michael Skinner
|
0-0: Ball 1-0: Foul Ball, location: 2F 1-1: Swinging Strike 1-2: Strikes out swinging
|
Batting: RHB Larry Booth
|
0-0: Foul Ball, location: 2F 0-1: Ball 1-1: Swinging Strike 1-2: Ball 2-2: Ball 3-2: Fly out, F6 (Popup, 6D)
|
Batting: RHB Gabriel Villegas
|
0-0: Ball 1-0: Ball 2-0: Ground out 5-3 (Groundball, 5L)
|
Bottom of the 7th over - 0 run(s), 0 hit(s), 0 error(s), 0 left on base; Wisconsin Rapids 4 - Cincinnati 6 |
TOP OF THE 8TH |
Wisconsin Rapids Rangers batting - Pitching for Cincinnati Pride : RHP Fernando Silva
|
Batting: LHB Alex Henderson
|
0-0: Called Strike 0-1: Swinging Strike 0-2: Strikes out swinging
|
Batting: RHB James Jenkins
|
0-0: Called Strike 0-1: Foul Ball, location: 2F 0-2: Ball 1-2: Ball 2-2: Strikes out swinging
|
Batting: RHB Robert Acosta
|
0-0: Called Strike 0-1: Ball 1-1: Ball 2-1: Swinging Strike 2-2: SINGLE (Line Drive, 56)
|
Pitching: RHP Jesús Andrade
|
|
Batting: RHB Troy Reed
|
0-0: Called Strike 0-1: Called Strike 0-2: Ball 1-2: Strikes out swinging
|
Top of the 8th over - 0 run(s), 1 hit(s), 0 error(s), 1 left on base; Wisconsin Rapids 4 - Cincinnati 6 |
BOTTOM OF THE 8TH |
Cincinnati Pride batting - Pitching for Wisconsin Rapids Rangers : LHP Steve Alexander
|
Batting: RHB Roberto Chávez
|
0-0: Foul Ball, location: 2F 0-1: Ground out 6-3 (Groundball, 6M)
|
Batting: RHB Randy Simons
|
0-0: Ball 1-0: Ball 2-0: Ball 3-0: Base on Balls
|
Batting: RHB Wilson Flores
|
0-0: Called Strike 0-1: Ball 1-1: Ball 2-1: SINGLE (Flyball, 8LS) Randy Simons to second
|
Batting: LHB Wes Stone
|
0-0: Ball 1-0: Called Strike 1-1: Called Strike 1-2: Fly out, F4 (Popup, 4D)
|
Pinch Hitting: SHB Larry Peterson
|
0-0: Ball 1-0: Ground out 4-3 (Groundball, 34S)
|
Bottom of the 8th over - 0 run(s), 1 hit(s), 0 error(s), 2 left on base; Wisconsin Rapids 4 - Cincinnati 6 |
TOP OF THE 9TH |
Wisconsin Rapids Rangers batting - Pitching for Cincinnati Pride : RHP Jesús Andrade
|
Pitching: RHP José Crus
|
|
Now at 3B: Juan Martínez
|
|
Batting: RHB John Denton
|
0-0: Ball 1-0: Ball 2-0: Swinging Strike 2-1: Swinging Strike 2-2: Ball 3-2: Strikes out looking
|
Batting: RHB Paul Richard
|
0-0: Ball 1-0: Ball 2-0: Called Strike 2-1: Called Strike 2-2: Strikes out swinging
|
Batting: SHB José López
|
0-0: Ball 1-0: Ball 2-0: Reached on error, E3 (Groundball, 3)
|
Batting: LHB Ramón Córdova
|
0-0: Called Strike 0-1: Foul Ball, location: 2F 0-2: Strikes out swinging
|
Top of the 9th over - 0 run(s), 0 hit(s), 1 error(s), 1 left on base; Wisconsin Rapids 4 - Cincinnati 6 |
|